 Dungeon Crawl Stone Soup version 0.26.0-10-g1f06aea511 (webtiles) character file.

Game seed: 16916358614109269149

132 Dracia the Cutter (level 5, -9/28 HPs)
             Began as a Kobold Enchanter on Jan 18, 2021.
             Killed by divine providence
             ... invoked by an orc priest
              (12 damage)
             ... on level 3 of the Dungeon.
             The game lasted 00:03:21 (2625 turns).

Dracia the Cutter (Kobold Enchanter)                Turns: 2625, Time: 00:03:21

Health: -9/28      AC: -1    Str:  5    XL:     5   Next: 38%
Magic:  0/8        EV: 15    Int: 17    God:
Gold:   47         SH:  0    Dex: 16    Spells: 5/8 levels left

rFire    . . .     SeeInvis .   a - +2 dagger
rCold    . . .     Faith    .   (shield restricted)
rNeg     . . .     Spirit   .   b - +0 robe
rPois    .         Reflect  .   k - +1 hat
rElec    .         Harm     .   (no cloak)
rCorr    .         Rampage  .   (no gloves)
Will     .....                  (no boots)
Stlth    ++++......             (no amulet)
HPRegen  0.09/turn              c - -4 ring of protection (curse)
MPRegen  0.11/turn              (no ring)

@: no status effects
A: small, nightstalker 3
a: no special abilities


You were on level 3 of the Dungeon.
You visited 1 branch of the dungeon, and saw 3 of its levels.

You collected 47 gold pieces.


Innate Abilities, Weirdness & Mutations

You are small and have problems with some larger weapons.
You are completely attuned to the shadows.


   Skills:
 * Level 5.3 Short Blades
 - Level 2.4 Dodging
 - Level 4.0 Stealth
 - Level 2.1 Spellcasting
 + Level 4.0 Hexes


You had 5 spell levels left.
You knew the following spells:

 Your Spells              Type           Power        Failure   Level
x - Ensorcelled Hibernat  Hex/Ice        16%          13%         2
z - Corona                Hex            16%          3%          1

Your spell library contained the following spells:

 Spells                   Type           Power        Failure   Level
 Confusing Touch          Hex            15%          11%         3
 Tukima's Dance           Hex            15%          11%         3
 Dazzling Flash           Conj/Hex       16%          26%         3

Inventory:

Hand Weapons
 a - a +2 dagger (weapon)
Armour
 b - a +0 robe (worn)
 k - a +1 hat (worn)
Jewellery
 c - a cursed -4 ring of protection (left hand)
Scrolls
 d - a scroll of identify {@r1@r1}
 e - a scroll of teleportation {@r4@r4}
 f - 2 scrolls of amnesia
Potions
 g - 2 potions of curing {@q1@q1}
 h - a potion of lignification {unknown}
 i - a potion of brilliance {unknown}
 j - 2 potions of mutation {unknown}
 l - a potion of might {unknown}

Dungeon Overview and Level Annotations

Branches:
Dungeon (3/15)

Altars:

#.#
#.#
#.#
#.#
#.#
#.#
#.#
#.#
#@#
#o#


oo. ...## #...# You could see an orc priest, an orc wizard (fast) and an orc.


Message History

Confirm with . or Enter, or press ? or * to list all spells.
Aiming: Ensorcelled Hibernation (safe; 13% risk of failure)
Press: ? - help, Shift-Dir - straight line, f - orc
Aim: an orc, wearing a +0 scale mail (chance to affect: 57%)
The goblin resists with significant effort.
The goblin misses you.
You closely miss the goblin. The goblin hits you with a +0 dagger.
* * * LOW HITPOINT WARNING * * *
You hit the goblin.
You kill the goblin!
You closely miss the orc priest.
Unknown command.
Casting: Ensorcelled Hibernation (safe; 13% risk of failure)
Confirm with . or Enter, or press ? or * to list all spells.
Aiming: Ensorcelled Hibernation (safe; 13% risk of failure)
Press: ? - help, Shift-Dir - straight line, f/p - orc
Aim: an orc, wearing a +0 scale mail (chance to affect: 57%)
The orc priest resists with some effort.
The orc priest invokes the aid of Beogh against you.
Pain shoots through your body!
* * * LOW HITPOINT WARNING * * *
The orc wizard mumbles some strange words.
The orc wizard seems to speed up.
Casting: Ensorcelled Hibernation (safe; 13% risk of failure)
Confirm with . or Enter, or press ? or * to list all spells.
You don't have enough magic to cast that spell.
You hit the orc priest but do no damage.
The orc priest calls down the wrath of Beogh upon you.
Beogh smites you!
You die...

Skill      XL: |  1  2  3  4  5 |
---------------+----------------+-----
Short Blades   | 2 3 4 5 |  5.3
Hexes          | 4 |  4.0
Dodging        | |  2.4
Stealth        | |  4.0
Spellcasting   | |  2.1

Action                   |  1- 3 |  4- 6 || total
-------------------------+-------+-------++-------
Melee: Dagger            |    58 |    73 ||   131
 Cast: Ensorcelled Hiber |     5 |    12 ||    17
  Use: Scroll            |     5 |     1 ||     6
 Stab: Sleeping          |    22 |    18 ||    40
       Distracted        |       |     1 ||     1
Dodge: Dodged            |    21 |    33 ||    54

Levels and vault maps discovered:
D:1:      amcnicky_arrival_single_pillar, layout_basic, serial_forest,
          infiniplex_forest_straight_4, infiniplex_forest_lined_room_2,
          infiniplex_forest_lined_room_2, infiniplex_forest_end_1,
          infiniplex_forest_straight_1, infiniplex_forest_join,
          infiniplex_forest_clump_large, hangedman_decor_points
D:2:      layout_loops_ring, cheibrodos_gnoll_hut
D:3:      layout_basic, gammafunk_temple_overflow_forgotten,
          chequers_ecumenical_altar_island, grunt_gozag_statues

Notes
Turn   | Place    | Note
-------+----------+-------------------------------------------
     0 | D:1      | Dracia the Kobold Enchanter began the quest for the Orb.
     0 | D:1      | Reached XP level 1. HP: 10/10 MP: 3/3
    31 | D:1      | Reached skill level 2 in Short Blades
    45 | D:1      | Reached XP level 2. HP: 15/15 MP: 5/5
    52 | D:1      | Learned a level 2 spell: Ensorcelled Hibernation
   476 | D:1      | Reached skill level 3 in Short Blades
   544 | D:1      | Reached XP level 3. HP: 19/19 MP: 6/6
  1298 | D:2      | Reached XP level 4. HP: 24/24 MP: 7/7
  1310 | D:2      | Reached skill level 4 in Short Blades
  2485 | D:2      | Reached XP level 5. HP: 28/28 MP: 8/8
  2620 | D:3      | Reached skill level 5 in Short Blades
  2620 | D:3      | Reached skill level 4 in Hexes
  2625 | D:3      | Killed from afar by an orc priest

Vanquished Creatures
  An orc wizard (D:3)
  A gnoll (D:2)
  3 adders (D:2)
  A worm (D:2)
  3 dart slugs (D:1)
  4 leopard geckos
  A ball python (D:1)
  5 giant cockroaches
  4 goblins
  5 hobgoblins
  10 jackals (D:2)
  2 bats (D:2)
  5 frilled lizards
  6 kobolds
  5 rats (D:1)
56 creatures vanquished.

Vanquished Creatures (others)
  A plant (D:1)
1 creature vanquished.

Grand Total: 57 creatures vanquished

Table legend: (Time is in decaauts)
 A = Elapsed time spent in this place.
 B = Non-inter-level travel time spent in this place.
 C = Inter-level travel time spent in this place.
 D = Time resting spent in this place.
 E = Time spent auto-exploring this place.
 F = Levels seen in this place.
 G = Mean time per level.
                   A        B        C        D        E       F      G
               +--------+--------+--------+--------+--------+-----+--------+
         Total |   2598 |   2577 |     21 |    593 |   1658 |   3 |  866.0 |
       Dungeon |   2598 |   2577 |     21 |    593 |   1658 |   3 |  866.0 |
               +--------+--------+--------+--------+--------+-----+--------+

Top non-repeatable levels by time:
     D:2: 1418 daAuts
     D:1: 1068 daAuts
     D:3: 112 daAuts

Table legend:
 A = Non-vault XP
 B = Vault XP
 C = Vault XP percentage of total XP
 D = Non-vault monster count
 E = Vault monster count
 F = Vault count percentage of total count
                 A         B        C        D         E       F
            +---------+---------+-------+---------+---------+-------
      Total |     170 |      19 |  10.1 |      53 |       3 |   5.4
            +---------+---------+-------+---------+---------+-------
        D:1 |      45 |       0 |   0.0 |      24 |       0 |   0.0
        D:2 |      86 |      19 |  18.1 |      26 |       3 |  10.3
        D:3 |      39 |       0 |   0.0 |       3 |       0 |   0.0
            +---------+---------+-------+---------+---------+-------
